 Dungeon Crawl Stone Soup version 0.31-a0-208-gdb31a4691d (webtiles) character file.

Game seed: 15363286347220708479

39 lunkers the Cutter (level 3, 0/29 HPs)
             Began as a Meteoran Wanderer on June 28, 2023.
             Slain by an adder (3 damage)
             ... on level 2 of the Dungeon.
             The game lasted 00:02:05 (548 turns).

lunkers the Cutter (Meteoran Wanderer)               Turns: 548, Time: 00:02:06

Health: 0/29       AC:  3    Str: 13    XL:     3   Next: 97%
Magic:  8/8        EV: 15    Int: 12    God:
Gold:   57         SH:  7    Dex: 17    Spells: 6/7 levels left

rFire   . . .        a - +0 dagger
rCold   . . .        e - +2 buckler
rNeg    . . .        d - +0 robe
rPois   .            b - +0 helmet
rElec   .            (no cloak)
rCorr   .            (no gloves)
SInv    .            (no boots)
Will    .....        (no amulet)
Stlth   +            f - +5 ring of evasion
HPRegen 0.24/turn    (no ring)
MPRegen 0.11/turn

%: no passive effects
@: lethally poisoned (0 -> -3), glowing, invisible (but backlit and visible)
A: sense surroundings 1, otherworldly, glowing, explore regen
a: no special abilities


You were on level 2 of the Dungeon.
You visited 1 branch of the dungeon, and saw 2 of its levels.

You collected 57 gold pieces.

Inventory:

Hand Weapons
 a - a +0 dagger (weapon)
Armour
 b - a +0 helmet (worn)
 d - a +0 robe (worn)
 e - a +2 buckler (worn)
Jewellery
 f - a +5 ring of evasion (left hand)
 g - a ring of ice
Scrolls
 c - a scroll of fog
 h - a scroll of identify {unknown}
 j - a scroll of poison {unknown}
Potions
 k - a potion of attraction {unknown}
 l - a potion of curing {unknown}


   Skills:
 - Level 2.1 Fighting
 + Level 3.3 Short Blades
 - Level 1.0 Stealth
 - Level 2.4 Shields
 - Level 2.6 Spellcasting
 - Level 2.4 Hexes
 - Level 1.2 Evocations


You had 6 spell levels left.
You knew the following spells:

 Your Spells              Type           Power      Damage    Failure   Level
p - Slow                  Hex            28%        N/A       13%         1

Your spell library contained the following spells:

 Spells                   Type           Power      Damage    Failure   Level
 Confusing Touch          Hex            7%         N/A       36%         3


Dungeon Overview and Level Annotations

Branches:
Dungeon (2/15) Zot: 658

Altars:


Innate Abilities, Weirdness & Mutations

You passively map a small area around you.
You are easily found by Zot.
You glow in the dark.
You regain HP and MP as you explore.


Message History

You are too injured to fight recklessly!
You are too injured to fight recklessly!
You are too injured to fight recklessly!
You are too injured to fight recklessly!
You are too injured to fight recklessly!
You are too injured to fight recklessly!
You are too injured to fight recklessly!
You are too injured to fight recklessly!
You are too injured to fight recklessly!
You are too injured to fight recklessly!
Unknown command.
You barely miss the adder.
The adder is lightly wounded.
You feel sick. The adder misses you.
You hit the adder but do no damage.
The adder is lightly wounded.
You feel sick. You block the adder's attack.
You hit the adder but do no damage.
You feel sick. The adder bites you.
* * * LOW HITPOINT WARNING * * *
You are more poisoned.
The adder poisons you!
You aren't carrying any items that you can evoke.
Unknown command.
You closely miss the adder.
* * * LOW HITPOINT WARNING * * *
You feel sick. The adder bites you.
* * * LOW HITPOINT WARNING * * *
You hit the adder.
The adder is lightly wounded.
* * * LOW HITPOINT WARNING * * *
You feel sick. You block the adder's attack.
You miss the adder.
The adder is lightly wounded.
* * * LOW HITPOINT WARNING * * *
You feel sick. You block the adder's attack.
It was a potion of invisibility.
You become transparent, but the glow from your body prevents you from becoming completely invisible.
* * * LOW HITPOINT WARNING * * *
You feel sick. The adder completely misses you. The adder bites you.
You die...

#..........## ............#
............# * # *
.....#......#######., ,
#...)#............. * ,, , ,,
##.#.#.#.........## * * * *
###.#.#..........# * ,,
#.#.#.......S..# , , ..
#.#.#...†....@.########## *..#
#.#.#...........>.......###...
#.#............#######...<....
#.#.##........## #........
#...#.(........# ####........
####.###..........#
#........... .....#
#..........####.##........
#.####
#...................###..# #.#
#.. , , .#.......#####.#


You could see an adder.

Vanquished Creatures
  2 adders (D:2)
  A dart slug (D:1)
  A bat (D:1)
  2 endoplasms (D:2)
  2 giant cockroaches
  3 hobgoblins
  3 jackals (D:2)
  A quokka (D:2)
  A ball python (D:2)
  2 rats
18 creatures vanquished.

Notes
Turn   | Place    | Note
-------+----------+-------------------------------------------
     0 | D:1      | lunkers the Meteoran Wanderer began the quest for the Orb.
     0 | D:1      | lunkers set off with the following items: a +0 dagger, a +0
                  | helmet, a scroll of fog, a +0 robe, a +2 buckler; and the
                  | following spell memorised: Slow; and the following spells
                  | available to memorise: Confusing Touch.
     0 | D:1      | Reached XP level 1. HP: 17/17 MP: 5/5
    39 | D:1      | Reached skill level 1 in Short Blades
   146 | D:1      | Reached XP level 2. HP: 21/24 MP: 6/6
   316 | D:2      | Reached skill level 2 in Short Blades
   369 | D:2      | Reached XP level 3. HP: 21/29 MP: 8/8
   412 | D:2      | Reached skill level 3 in Short Blades
   548 | D:2      | Slain by an adder

Illustrated notes

Levels and vault maps discovered:
D:1:      dpeg_arrival_central, layout_basic, minmay_ruptured
D:2:      layout_rooms, shapermc_ecumenical_altar_mp_urbaneastern,
          serial_co_window_serial, co_window_paths_a, co_window_cross_1,
          co_window_corner_a, co_window_corner_a, co_window_corner_a,
          co_window_corner_a, co_window_corner_a, co_window_broadway_c,
          co_window_of_opportunity_c, co_window_broadway_b, glass_columns_a,
          glass_columns_a

Skill      XL: |  1  2  3 |
---------------+----------+-----
Short Blades   | 1 2 3 |  3.3
Fighting       | |  2.1
Stealth        | |  1.0
Shields        | |  2.4
Spellcasting   | |  2.6
Hexes          | |  2.4
Evocations     | |  1.2

Action                     || total
---------------------------++-------
  Melee: Dagger            ||   135
   Cast: Slow              ||     2
    Use: Potion            ||     1
 Armour: Robe              ||    26
  Dodge: Dodged            ||    56
  Block: Buckler           ||    33

Table legend: (Time is in decaauts)
 A = Elapsed time spent in this place.
 B = Non-inter-level travel time spent in this place.
 C = Inter-level travel time spent in this place.
 D = Time resting spent in this place.
 E = Time spent auto-exploring this place.
 F = Levels seen in this place.
 G = Mean time per level.
                   A        B        C        D        E       F      G
               +--------+--------+--------+--------+--------+-----+--------+
         Total |    540 |    540 |      0 |      0 |    344 |   2 |  270.0 |
       Dungeon |    540 |    540 |      0 |      0 |    344 |   2 |  270.0 |
               +--------+--------+--------+--------+--------+-----+--------+

Top non-repeatable levels by time:
     D:1: 308 daAuts
     D:2: 231 daAuts
